Map: Thunderbird LE

Players

ShoWTimE

  • Race: Protoss Protoss
  • Spawn Location: 11:00

Dark - Winner!

  • Race: Zerg Zerg
  • Spawn Location: 5:00

Event: 2019 WCS Global FInals

VOD

Have the link to the VOD?

Description

Time

  • Played on: Oct. 23, 2019, 11:16 p.m.
  • Length: 10:00

All games in this series

Show
View Real Time Build Order
Export as new Build Order

ShoWTimE Protoss 

Build Orders: 1 Gate Expand, Oracle Opening, Archon Immortal 

Get SALT Encoding   

  12  0:00  Probe  
  13  0:12  Probe  
  14  0:18  Pylon  
  14  0:24  Probe (Chrono Boost)  
  15  0:36  Probe (Chrono Boost)  
  15  0:40  Gateway  
  16  0:45  Probe (Chrono Boost)  
  16  0:46  Assimilator  
  17  0:51  Probe  
  18  1:03  Probe  
  19  1:15  Probe  
  20  1:25  Nexus  
  20  1:28  Probe  
  21  1:37  Cybernetics Core  
  21  1:42  Assimilator  
  21  1:45  Probe  
  22  1:51  Pylon  
  22  1:57  Probe  
  23  2:10  Probe, Adept (Chrono Boost)  
  26  2:16  Stargate  
  26  2:21  Warp Gate  
  26  2:22  Probe  
  27  2:31  Stalker (Chrono Boost)  
  27  2:37  Probe (Chrono Boost)  
  31  2:38  Probe (Chrono Boost)  
  31  2:46  Probe (Chrono Boost)  
  31  2:48  Probe (Chrono Boost)  
  33  2:51  Probe (Chrono Boost)  
  33  2:58  Probe  
  35  3:01  Oracle (Chrono Boost)  
  35  3:03  Probe  
  39  3:10  Probe  
  40  3:15  Pylon, Probe  
  41  3:22  Probe  
  42  3:27  Probe  
  42  3:28  Gateway  
  42  3:30  Oracle (Chrono Boost)  
  46  3:34  Probe  
  46  3:38  Assimilator  
  46  3:39  Probe  
  46  3:40  Assimilator  
  48  3:46  Probe  
  49  3:49  Robotics Facility  
  49  3:51  Pylon, Probe  
  50  3:58  Probe  
  50  4:02  Phoenix (Chrono Boost)  
  51  4:03  Probe  
  54  4:10  Pylon, Probe  
  54  4:15  Probe  
  56  4:23  Probe  
  57  4:25  Oracle (Chrono Boost)  
  57  4:28  Probe  
  61  4:34  Nexus  
  61  4:35  Probe  
  62  4:39  Observer  
  62  4:40  Probe  
  62  4:43  Pylon  
  64  4:46  Sentry x2  
  64  4:47  Pylon  
  64  4:48  Probe  
  64  4:52  Probe  
  70  5:01  Gateway, Probe  
  70  5:02  Immortal (Chrono Boost)  
  70  5:03  Pylon  
  75  5:10  Sentry  
  75  5:11  Sentry  
  75  5:13  Probe  
  80  5:16  Pylon  
  80  5:19  Probe  
  81  5:25  Probe  
  82  5:31  Probe  
  82  5:33  Forge  
  82  5:35  Twilight Council  
  83  5:37  Probe, Zealot x2  
  88  5:43  Probe  
  88  5:46  Immortal (Chrono Boost)  
  88  5:49  Probe  
  94  5:53  Probe  
  94  5:55  Probe  
  94  5:56  Pylon  
  96  6:01  Probe  
  97  6:05  Probe  
  97  6:06  Assimilator, Gateway  
  97  6:08  Probe  
  97  6:10  Assimilator  
  99  6:13  Probe, Protoss Ground Weapons Level 1  
  99  6:14  Charge  
  99  6:17  Probe  
  101  6:20  Immortal (Chrono Boost), Probe  
  101  6:25  Probe  
  102  6:29  Templar Archives  
  102  6:30  Probe  
  103  6:37  Gateway x2  
  103  6:44  Stalker x2  
  107  6:52  Shield Battery  
  107  6:54  Warp Prism (Chrono Boost)  
  107  6:57  Gateway  
  107  6:59  Gateway  
  107  7:01  Pylon, Shield Battery  
  109  7:06  Shield Battery  
  109  7:08  Pylon  
  109  7:11  Shield Battery  
  109  7:13  Shield Battery  
  109  7:14  Shield Battery x2  
  109  7:15  Pylon  
  109  7:17  Shield Battery  
  109  7:23  Immortal (Chrono Boost)  
  109  7:27  Shield Battery  
  113  7:30  Shield Battery  
  113  7:39  Zealot x5  
  123  7:51  Immortal (Chrono Boost), Probe  
  114  7:52  Probe x2  
  114  7:55  Zealot x3  
  110  8:03  Zealot  
  110  8:04  Probe x3, High Templar  
  117  8:05  High Templar  
  117  8:10  Archon  
  115  8:14  Zealot  
  115  8:15  High Templar x2  
  115  8:16  Probe x3  
  115  8:19  Archon  
  119  8:20  Zealot  
  119  8:26  High Templar  
  122  8:28  Probe x3  
  122  8:30  High Templar  
  124  8:34  Archon  
  124  8:38  High Templar x3  
  124  8:40  Probe  
  131  8:45  Archon  
  131  8:47  Pylon  
  125  8:55  Nexus  
  125  8:59  Pylon  
  125  9:01  Pylon  
  125  9:07  Pylon  
  125  9:11  Probe  
  125  9:12  Probe  
  125  9:13  High Templar  
  126  9:18  Archon  
  126  9:27  Zealot x4  
  114  9:34  Zealot x2  
  106  9:51  Zealot x2  
  106  9:52  Zealot x2  
Show
View Real Time Build Order
Export as new Build Order

Dark Zerg - Winner!

Build Orders: Hatch First, Swarm Host 

Get SALT Encoding   

  12  0:01  Drone  
  13  0:12  Overlord  
  13  0:17  Drone  
  14  0:30  Drone x2  
  16  0:49  Hatchery  
  15  0:50  Drone  
  15  0:55  Drone  
  17  0:58  Drone  
  18  1:09  Extractor  
  17  1:12  Spawning Pool  
  17  1:16  Drone  
  17  1:18  Drone  
  18  1:28  Drone  
  19  1:38  Drone  
  20  1:47  Hatchery  
  20  1:52  Drone  
  20  2:01  Drone, Queen  
  21  2:04  Zergling x2  
  24  2:13  Queen  
  26  2:20  Overlord  
  26  2:23  Drone  
  26  2:25  Drone  
  28  2:38  Metabolic Boost  
  28  2:40  Drone x3  
  31  2:45  Zergling x2  
  31  2:48  Queen  
  34  2:59  Drone x2, Queen  
  34  3:03  Drone x2  
  39  3:15  Overlord  
  39  3:16  Drone x2  
  41  3:28  Overlord  
  41  3:31  Overlord  
  41  3:33  Spore Crawler, Drone  
  41  3:34  Drone x5  
  44  3:37  Drone  
  44  3:39  Queen  
  49  3:46  Roach Warren  
  49  3:48  Drone  
  49  3:51  Drone x2  
  49  3:52  Drone  
  49  3:55  Extractor  
  51  3:58  Overlord  
  51  3:59  Drone  
  52  4:03  Drone x3  
  52  4:06  Extractor  
  55  4:10  Drone x2  
  55  4:12  Overlord  
  55  4:15  Zergling x2  
  55  4:16  Zergling x4  
  59  4:23  Lair  
  59  4:24  Drone x3  
  61  4:27  Spore Crawler  
  61  4:28  Drone  
  61  4:31  Drone x2  
  64  4:36  Drone x4  
  64  4:37  Drone  
  69  4:41  Overlord  
  69  4:44  Evolution Chamber  
  69  4:45  Drone, Extractor  
  68  4:46  Drone  
  68  4:47  Drone  
  68  4:49  Drone  
  71  4:53  Overlord  
  71  4:55  Drone x2  
  71  4:57  Overlord  
  73  5:03  Drone x2  
  75  5:08  Spore Crawler  
  75  5:11  Spore Crawler, Drone  
  75  5:13  Zerg Missile Weapons Level 1  
  74  5:14  Drone x5  
  74  5:15  Drone  
  74  5:16  Drone  
  74  5:18  Drone  
  74  5:20  Extractor  
  74  5:21  Extractor  
  80  5:26  Drone x4  
  80  5:27  Drone  
  83  5:32  Overlord  
  83  5:36  Overlord  
  83  5:38  Roach x5  
  92  5:44  Overseer  
  92  5:51  Hatchery  
  92  5:55  Roach x2  
  92  5:56  Zergling x12  
  101  5:57  Glial Reconstitution  
  101  6:01  Ravager x4  
  101  6:02  Zergling x2  
  101  6:03  Zergling x2  
  107  6:12  Infestation Pit  
  107  6:16  Zergling x8  
  109  6:29  Overlord x8, Drone  
  110  6:34  Nydus Network  
  110  6:38  Hatchery  
  108  6:53  Swarm Host  
  108  6:54  Swarm Host x9  
  138  7:02  Swarm Host x3  
  138  7:07  Swarm Host  
  150  7:15  Nydus Canal  
  150  7:18  Zergling x20  
  160  7:27  Overlord  
  160  7:28  Swarm Host x2  
  166  7:30  Nydus Canal  
  166  7:32  Drone x2  
  168  7:42  Zergling x2  
  169  7:44  Nydus Canal  
  169  7:56  Overlord  
  168  7:59  Zergling x4  
  168  8:01  Nydus Canal  
  168  8:02  Zergling x4  
  168  8:04  Drone x4  
  168  8:05  Drone  
  173  8:06  Hive, Extractor  
  173  8:07  Drone x3  
  173  8:09  Spire  
  173  8:11  Ravager  
  173  8:12  Overlord x7, Ravager  
  175  8:19  Ravager  
  174  8:22  Drone, Roach  
  174  8:23  Roach x4  
  174  8:24  Extractor  
  181  8:30  Roach x4  
  185  8:35  Roach x3  
  185  8:39  Roach x2  
  190  8:51  Hydralisk Den, Roach x5  
  190  8:54  Overlord x2  
  199  9:02  Spine Crawler  
  198  9:03  Spore Crawler  
  198  9:05  Spine Crawler  
  193  9:24  Roach x3  
  193  9:25  Zergling x4  
  193  9:29  Roach  
  192  9:36  Roach x4, Lurker Den  
  191  9:45  Nydus Canal  
Tags
 
Add a new tag
Caveats
  • Supply blocks, unpowered buildings, or Contaminate may cause inaccurate times.
  • Supply counts are checked every 10 seconds.